AoeStats
← Ivan

Arena

506167941Analyzed
1v1 RM · 19d ago on Sep 12, 2026· 72m 46s· 2 players
Game mode
Random Map
Map size
Tiny (2 player)
Population
200
Speed
Normal
Resources
Standard
Victory
Conquest
Starting age
Dark Age
Ending age
Imperial Age
RankedLock teamsTeams togetherTeam positionsShared explorationLock speedFull tech treeHidden civsTurbo modeCheats
Victory
Defeat
🇮🇩 Persians · Indonesia
533
+17
🇨🇿 Burgundians · Czechia
565
-17
kingsAshraf
12:00 Feudal Age
13:37 Horse Collar
14:40 Double-Bit Axe
16:17 Wheelbarrow
20:00 Castle Age
19:00 Stone Mining
20:48 Heavy Plow
20:43 Gold Mining
21:00 Scale Mail Armor
22:41 Hand Cart
23:57 Pikeman
25:29 Stone Shaft Mining
25:33 Gold Shaft Mining
25:42 Bow Saw
27:23 Loom
28:14 Town Watch
30:38 Scale Barding Armor
30:44 Forging
32:30 Husbandry
33:23 Town Patrol
37:03 Imperial Age
34:54 Man-at-Arms
36:43 Halberdier
37:52 Squires
38:44 Chain Barding Armor
38:38 Cavalier
44:58 Plate Barding Armor
44:59 Iron Casting
44:40 Chain Mail Armor
44:27 Padded Archer Armor
44:18 Fletching
45:25 Elite War Elephant
46:08 Long Swordsman
47:10 Bloodlines
47:10 Gambesons
48:46 Light Cavalry
51:34 Thumb Ring
53:50 Plate Mail Armor
54:22 Blast Furnace
61:38 Two-Man Saw
61:14 Crop Rotation
65:34 Bodkin Arrow
65:55 Leather Archer Armor
73:16 Hoardings
73:30 Theocracy
72:51 Herbal Medicine
73:33 Ring Archer Armor
Ivan
2:48 Loom
10:42 Feudal Age
13:05 Wheelbarrow
13:57 Double-Bit Axe
13:57 Horse Collar
15:15 Heavy Plow
16:37 Stone Mining
19:14 Gold Mining
19:49 Hand Cart
24:01 Castle Age
25:57 Bow Saw
26:19 Crop Rotation
26:30 Gold Shaft Mining
26:13 Husbandry
26:28 Scale Barding Armor
26:34 Forging
26:45 Burgundian Vineyards
28:55 Two-Man Saw
27:37 Cavalier
29:22 Chain Barding Armor
33:55 Iron Casting
36:12 Imperial Age
37:48 Conscription
38:38 Squires
37:59 Man-at-Arms
39:39 Scale Mail Armor
40:40 Blast Furnace
39:21 Long Swordsman
40:09 Two-Handed Swordsman
41:06 Chain Mail Armor
40:49 Champion
44:58 Plate Mail Armor
52:18 Masonry
52:32 Ballistics
60:12 Architecture
59:44 Murder Holes
59:14 Pikeman
60:46 Halberdier
69:21 Flemish Revolution
Connection lost

Rejoining the realm…

Still unreachable

The connection could not be restored.

Session expired

The server has moved on; the page needs a fresh start.